Map: Berlingrad LE

Players

crymeareaver

  • Race: Protoss Protoss
  • League: Master
  • Spawn Location: 11:00

Warthog - Winner!

  • Race: Terran Terran
  • League: Master
  • Spawn Location: 5:00

VOD

Have the link to the VOD?

Description

Time

  • Played on: Dec. 15, 2021, 10:06 p.m.
  • Length: 15:43
Show
View Real Time Build Order
Export as new Build Order

crymeareaver Protoss 

Build Orders:  

Get SALT Encoding   

  12  0:00  Probe  
  13  0:12  Probe  
  14  0:18  Pylon  
  14  0:24  Probe  
  15  0:37  Probe (Chrono Boost)  
  15  0:40  Gateway  
  16  0:48  Probe (Chrono Boost), Assimilator  
  17  0:53  Probe (Chrono Boost)  
  17  0:56  Assimilator  
  18  1:03  Probe  
  19  1:09  Gateway  
  19  1:15  Probe  
  20  1:28  Cybernetics Core, Probe  
  21  1:35  Pylon  
  21  1:40  Probe  
  22  1:52  Probe  
  23  2:01  Stalker (Chrono Boost)  
  23  2:02  Stalker (Chrono Boost)  
  23  2:05  Probe  
  23  2:08  Warp Gate  
  28  2:17  Probe  
  29  2:23  Pylon  
  29  2:27  Stalker  
  31  2:41  Stalker  
  31  2:57  Stalker  
  31  3:06  Robotics Facility, Probe  
  32  3:29  Nexus  
  32  3:31  Shield Battery  
  32  3:40  Probe  
  33  3:52  Probe  
  33  3:54  Observer  
  35  3:56  Robotics Bay  
  35  4:04  Probe  
  36  4:15  Stalker x2  
  38  4:32  Pylon  
  38  4:37  Warp Prism (Chrono Boost)  
  38  4:43  Gravitic Drive (Chrono Boost)  
  40  4:49  Sentry  
  40  4:52  Probe (Chrono Boost)  
  44  5:00  Probe (Chrono Boost)  
  44  5:02  Probe (Chrono Boost)  
  44  5:05  Disruptor  
  49  5:07  Probe x2 (Chrono Boost)  
  50  5:18  Probe (Chrono Boost), Pylon  
  52  5:24  Probe (Chrono Boost)  
  52  5:27  Pylon  
  52  5:28  Probe (Chrono Boost), Assimilator  
  53  5:32  Probe (Chrono Boost)  
  53  5:33  Probe (Chrono Boost)  
  55  5:41  Disruptor  
  58  5:43  Probe  
  59  5:55  Nexus, Observer  
  59  5:58  Shield Battery  
  59  6:02  Observer, Probe x2  
  61  6:14  Probe x2  
  63  6:26  Probe  
  63  6:30  Stalker x2  
  68  6:37  Disruptor (Chrono Boost)  
  68  6:38  Probe x2  
  72  6:52  Twilight Council, Probe (Chrono Boost)  
  73  6:56  Gateway  
  73  6:59  Gateway, Probe (Chrono Boost)  
  73  7:00  Pylon  
  73  7:01  Gateway  
  74  7:04  Gateway, Probe (Chrono Boost)  
  74  7:07  Disruptor  
  79  7:10  Probe (Chrono Boost)  
  79  7:15  Probe (Chrono Boost)  
  81  7:16  Probe (Chrono Boost)  
  81  7:19  Probe (Chrono Boost)  
  84  7:23  Probe (Chrono Boost)  
  84  7:25  Probe (Chrono Boost)  
  84  7:36  Phoenix, Blink (Chrono Boost)  
  84  7:38  Probe x3  
  84  7:40  Assimilator  
  84  7:42  Assimilator  
  87  7:46  Gateway  
  87  7:48  Gateway  
  87  7:50  Probe x3  
  90  8:02  Probe x3  
  85  8:15  Stalker x6  
  83  8:22  Probe x2  
  83  8:26  Disruptor (Chrono Boost)  
  84  8:35  Nexus, Forge  
  84  8:37  Forge, Pylon  
  84  8:40  Pylon  
  85  8:41  Probe (Chrono Boost)  
  85  8:45  Probe (Chrono Boost)  
  85  8:46  Probe (Chrono Boost)  
  87  8:52  Probe (Chrono Boost)  
  87  8:55  Disruptor  
  93  8:56  Probe x2 (Chrono Boost)  
  93  8:57  Probe (Chrono Boost)  
  93  9:01  Stalker x3  
  93  9:02  Stalker x3  
  106  9:04  Stalker  
  106  9:09  Protoss Ground Weapons Level 1 (Chrono Boost), Protoss Ground Armor Level 1 (Chrono Boost), Pylon  
  108  9:11  Pylon  
  106  9:28  Stalker x4  
  106  9:31  Disruptor, Charge  
  113  9:46  Stalker x4  
  113  9:49  Probe x2  
  113  9:50  Probe  
  122  9:56  Probe  
  118  10:00  Stalker x4  
  118  10:01  Probe  
  126  10:15  Stalker x2  
  126  10:16  Probe, Stalker x2  
  126  10:17  Probe x3  
  126  10:29  Probe  
  124  10:37  Stalker x4  
  124  10:39  Stalker x3  
  130  10:46  Probe  
  130  10:47  Probe x3  
  130  10:49  Assimilator  
  134  10:51  Warp Prism (Chrono Boost)  
  134  10:53  Assimilator  
  136  10:57  Zealot  
  136  10:59  Probe x2  
  136  11:00  Zealot x4  
  148  11:07  Pylon  
  148  11:08  Pylon  
  120  11:30  Zealot x8  
  108  11:58  Probe x2 (Chrono Boost)  
  108  11:59  Probe x2 (Chrono Boost)  
  106  12:08  Probe x4 (Chrono Boost)  
  107  12:12  Observer (Chrono Boost)  
  107  12:13  Probe (Chrono Boost)  
  108  12:15  Zealot x5  
  108  12:22  Probe x3 (Chrono Boost)  
  118  12:25  Observer (Chrono Boost), Probe (Chrono Boost)  
  120  12:34  Probe (Chrono Boost)  
  124  12:40  Probe x2 (Chrono Boost)  
  124  12:42  Probe (Chrono Boost)  
  121  12:53  Pylon  
  121  12:54  Pylon  
  121  12:56  Pylon  
  121  12:58  Pylon  
  111  13:13  Protoss Ground Armor Level 2 (Chrono Boost), Protoss Ground Weapons Level 2 (Chrono Boost)  
  110  13:22  Probe  
  110  13:23  Zealot  
  107  13:28  Probe x2  
  107  13:30  Pylon  
  107  13:31  Pylon  
  107  13:33  Pylon  
  105  13:43  Zealot x3  
  107  13:53  Pylon  
  107  13:54  Pylon  
  105  13:58  Disruptor (Chrono Boost)  
  105  14:12  Zealot x8  
  105  14:15  Probe x2  
  123  14:17  Assimilator  
  123  14:18  Assimilator  
  123  14:24  Disruptor (Chrono Boost)  
  126  14:35  Zealot x4  
  126  14:36  Zealot x4  
  136  14:59  Zealot  
Show
View Real Time Build Order
Export as new Build Order

Warthog Terran - Winner!

Build Orders:  

Get SALT Encoding   

  12  0:00  SCV  
  13  0:13  SCV  
  14  0:18  Supply Depot  
  14  0:25  SCV  
  15  0:40  SCV  
  15  0:42  Barracks  
  16  0:44  Refinery  
  16  0:52  SCV  
  17  1:04  SCV  
  18  1:16  SCV  
  19  1:28  SCV  
  19  1:32  Reaper  
  21  1:40  Orbital Command  
  21  1:51  Command Center  
  21  1:59  Supply Depot  
  21  2:07  SCV  
  22  2:10  Marine  
  23  2:21  Factory  
  23  2:25  SCV  
  24  2:32  Bunker  
  23  2:37  Marine  
  23  2:42  SCV  
  25  2:54  SCV  
  25  2:56  Barracks Reactor, Refinery  
  26  3:04  Orbital Command  
  26  3:08  Factory Tech Lab  
  26  3:12  SCV  
  27  3:24  SCV  
  28  3:29  Cyclone, Barracks  
  28  3:30  Barracks  
  28  3:33  SCV, Marine  
  33  3:37  SCV  
  33  3:39  Marine  
  35  3:50  Marine  
  35  3:53  Orbital Command  
  35  3:54  SCV  
  37  3:57  Marine  
  37  4:02  Siege Tank  
  41  4:08  Marine  
  42  4:13  SCV  
  43  4:20  SCV  
  43  4:22  Bunker  
  43  4:24  Barracks Tech Lab x2  
  44  4:26  SCV  
  44  4:27  Engineering Bay, Marine  
  46  4:48  Supply Depot  
  46  4:49  Starport  
  46  4:53  Supply Depot  
  46  4:54  Factory Reactor  
  46  5:00  Terran Infantry Weapons Level 1  
  46  5:01  Command Center  
  46  5:05  Refinery  
  46  5:10  SCV x2, Marine  
  49  5:19  Stimpack  
  49  5:22  SCV x2  
  49  5:23  Refinery  
  49  5:27  Combat Shield  
  49  5:28  Marine x4  
  52  5:34  SCV x2  
  57  5:46  SCV x2  
  57  5:48  Barracks  
  57  5:49  Factory Reactor  
  59  5:53  Barracks  
  59  5:54  Medivac  
  59  5:55  Marine  
  62  6:10  Missile Turret  
  62  6:13  SCV x2  
  62  6:18  Orbital Command  
  64  6:19  Viking  
  64  6:20  Marauder, Marine  
  64  6:25  SCV  
  70  6:28  Marine  
  70  6:29  Marauder  
  73  6:37  SCV  
  73  6:38  Marauder, Marine  
  77  6:48  Orbital Command  
  77  6:52  Armory  
  77  6:53  Supply Depot x2  
  77  6:55  Terran Infantry Armor Level 1  
  77  7:07  SCV  
  77  7:14  SCV, Marine  
  77  7:15  Marauder  
  82  7:16  Marauder, Marine  
  82  7:18  Supply Depot x2  
  82  7:19  SCV  
  71  7:24  Marauder  
  71  7:25  Marine  
  71  7:26  SCV  
  71  7:32  SCV, Marine  
  71  7:33  Marine  
  71  7:35  Orbital Command  
  71  7:36  Marauder  
  73  7:37  Marine  
  73  7:43  Marine  
  75  7:45  Marauder  
  75  7:49  SCV  
  78  7:55  Marauder, Marine x2  
  78  7:57  Marauder  
  84  8:01  Marine  
  80  8:07  Marauder, Orbital Command  
  76  8:12  Marine  
  76  8:13  Marine  
  76  8:17  Marauder  
  76  8:22  Marauder, Marine  
  76  8:25  SCV x2  
  81  8:28  Marauder  
  81  8:30  Marine x2  
  85  8:35  SCV  
  85  8:38  Marauder  
  89  8:42  Barracks Reactor  
  89  8:43  Marine  
  89  8:47  SCV x3  
  92  8:48  Terran Infantry Weapons Level 2, Marine x2  
  92  8:49  Marine  
  95  8:59  SCV, Marauder  
  95  9:01  Marine  
  99  9:03  Command Center  
  99  9:15  Marine x2  
  99  9:16  Missile Turret, Marauder  
  103  9:19  Marine  
  103  9:20  Marine  
  103  9:23  Barracks x2  
  105  9:28  Marine  
  106  9:37  Marauder  
  106  9:38  Marine  
  108  9:43  Medivac x2, Marine  
  108  9:44  Marauder  
  106  9:52  Marauder, Marine  
  109  10:02  Widow Mine  
  109  10:04  Widow Mine, Marauder, Marine x2  
  109  10:14  Marine x2  
  109  10:15  Medivac x2, Marauder  
  109  10:16  Marauder  
  109  10:19  Orbital Command  
  119  10:22  Command Center, Marine x2  
  119  10:23  Widow Mine  
  119  10:24  Supply Depot  
  113  10:29  Marauder  
  113  10:32  Marine  
  103  10:45  Medivac x2  
  103  10:47  Widow Mine  
  103  10:49  Orbital Command  
  109  10:52  SCV  
  110  10:57  Supply Depot, Missile Turret  
  110  10:58  Supply Depot, Barracks Tech Lab  
  110  10:59  Ghost Academy, Barracks Tech Lab  
  110  11:00  SCV  
  110  11:02  Marauder, Marine x2  
  116  11:04  SCV  
  116  11:06  Marine  
  116  11:07  Marauder, Marine  
  116  11:09  Marauder  
  119  11:18  SCV, Medivac x2  
  119  11:20  Marine x2  
  119  11:24  Marauder, Marine  
  129  11:28  Marauder, Marine  
  129  11:31  Marauder  
  132  11:38  Marine x2  
  120  11:42  Marine  
  120  11:45  Marauder, Marine  
  115  11:48  Medivac  
  115  11:50  Marauder  
  115  11:52  Marine  
  118  12:07  Marauder  
  113  12:08  Marine  
  113  12:10  Marauder  
  113  12:11  Widow Mine x2  
  113  12:12  Marauder  
  113  12:14  Marine  
  123  12:22  SCV x3  
  126  12:28  Marauder  
  126  12:31  Marauder  
  126  12:32  Widow Mine  
  126  12:33  Marauder  
  126  12:34  SCV  
  131  12:40  Marine x2  
  131  12:41  Marauder, Marine  
  136  12:46  Marine  
  136  12:47  Marauder  
  136  12:49  Marine  
  138  12:53  Marauder  
  138  12:54  Marine  
  138  12:58  Marine x3  
  132  13:02  Marauder  
  132  13:04  Marine  
  124  13:07  Marauder, Marine  
  124  13:12  Marine  
  128  13:14  Marauder  
  128  13:16  Marine x3  
  131  13:22  Marine  
  131  13:23  Marauder  
  131  13:26  Marauder  
  126  13:28  Medivac, Marine  
  126  13:29  Medivac  
  126  13:30  Marauder  
  126  13:31  Planetary Fortress  
  126  13:34  Marine x2  
  133  13:35  Marauder  
  132  13:45  Concussive Shells, Marauder  
  132  13:46  Marauder  
  134  13:49  Marauder, Marine  
  130  13:58  Medivac  
  130  14:00  Medivac, Widow Mine  
  133  14:03  Marine  
  133  14:04  Marauder, Marine x2  
  138  14:10  Marine  
  138  14:11  Marauder  
  141  14:23  Command Center  
  139  14:26  Marauder x2, Marine x4  
  147  14:32  Missile Turret  
  147  14:33  Missile Turret  
  147  14:34  Widow Mine  
  148  14:45  Barracks  
  148  14:49  Marine  
  148  14:50  Marine  
  148  14:51  Marine  
  148  14:52  Marine  
  148  14:53  Marine  
  136  15:05  Marauder, Marine  
  136  15:06  Medivac, Widow Mine x2  
  132  15:07  Marauder, Marine  
  132  15:08  Marauder  
  132  15:09  Medivac, Marine  
  132  15:10  Marauder  
  132  15:13  Marine  
  133  15:25  Command Center  
  133  15:41  Supply Depot  
  133  15:42  Supply Depot  
Tags
 
Add a new tag
Caveats
  • Supply blocks, unpowered buildings, or Contaminate may cause inaccurate times.
  • Supply counts are checked every 10 seconds.